 Dungeon Crawl Stone Soup version 0.28.0-47-ge53b351184 (webtiles) character file.

Game seed: 12161067813333765034

161 NinjaNoafa the Chopper (level 5, -3/47 HPs)
             Began as a Hill Orc Monk on Apr 27, 2022.
             Slain by a gnoll
             ... wielding a +0 flail
              (9 damage)
             ... on level 3 of the Dungeon.
             The game lasted 00:05:55 (3168 turns).

NinjaNoafa the Chopper (Hill Orc Monk)              Turns: 3168, Time: 00:05:57

Health: -3/47      AC:  7    Str: 16    XL:     5   Next: 42%
Magic:  5/5        EV:  9    Int: 10    God:
Gold:   24         SH:  3    Dex: 13    Spells: 4/4 levels left

rFire   . . .      SeeInvis .   g - +2 club (spect)
rCold   . . .      Faith    .   i - +0 buckler
rNeg    . . .      Spirit   .   c - +0 scale mail
rPois   .          Reflect  .   (no helmet)
rElec   .          Harm     .   (no cloak)
rCorr   .          Rampage  .   d - +0 pair of gloves
Will    .....                   (no boots)
Stlth   ..........              (no amulet)
HPRegen 0.15/turn               (no ring)
MPRegen 0.09/turn               (no ring)

@: no status effects
A: sense surroundings 1, MP-powered wands
a: no special abilities


You were on level 3 of the Dungeon.
You visited 1 branch of the dungeon, and saw 3 of its levels.

You collected 52 gold pieces.
You spent 28 gold pieces at shops.

Inventory:

Hand Weapons
 a - a +0 hand axe
 g - a +2 spectral club (weapon)
Missiles
 m - 124 stones (quivered)
Armour
 b - a +1 robe
 c - a +0 scale mail (worn)
 d - a +0 pair of gloves (worn)
 i - a +0 buckler (worn)
Wands
 j - a wand of charming (10)
Scrolls
 h - a scroll of holy word
 k - a scroll of fog
Potions
 e - 2 potions of curing
 f - a potion of might


   Skills:
 + Level 4.9 Fighting
 - Level 5.0(5.2) Axes
 + Level 1.4(3.0) Maces & Flails
 + Level 2.7 Armour
 - Level 2.4 Dodging
 - Level 1.5 Stealth
 + Level 1.1 Evocations


You had 4 spell levels left.
You didn't know any spells.
Your spell library was empty.

Dungeon Overview and Level Annotations

Branches:
Dungeon (3/15)

Altars:

Shops:
D:2 *   D:3 *[==


Innate Abilities, Weirdness & Mutations

You passively map a small area around you.
You expend magic power (3 MP) to strengthen your wands.


Message History

You hit the gnoll.
You kill the gnoll!
You closely miss the rat. The rat bites you.
You hit the rat.
You kill the rat!
You hit the hobgoblin.
The hobgoblin is heavily wounded.
You block the hobgoblin's attack.
You hit the hobgoblin.
The hobgoblin is almost dead.
You block the gnoll's attack.
The hobgoblin hits you but does no damage.
The hobgoblin hits you.
You hit the hobgoblin but do no damage.
The hobgoblin is almost dead.
You block the gnoll's attack.
The hobgoblin hits you but does no damage.
You barely miss the hobgoblin.
The hobgoblin is almost dead.
The gnoll hits you from afar with a +0 halberd.
The hobgoblin hits you but does no damage.
You hit the hobgoblin.
You kill the hobgoblin!
The gnoll barely misses you.
You barely miss the gnoll. You block the gnoll's attack.
The gnoll barely misses you. The gnoll hits you with a +0 flail.
The gnoll barely misses you.
You hit the gnoll.
The gnoll is lightly wounded.
You block the gnoll's attack.
The gnoll hits you from afar with a +0 halberd!
Okay, then.
Really quaff the potion of mutation?
You feel extremely strange.
You feel clumsy.
You feel stronger.
You feel your magical essence link to the dungeon's wands.
The gnoll hits you from afar with a +0 halberd!
* * * LOW HITPOINT WARNING * * *
The gnoll hits you with a +0 flail!
You die...

#.##......#.[....#
#....#
####..##..########
#....#
#....##..#....#
#....#
#...∩....##.#.#
#....#
####.....##.#.#
######
#..##.##.#'##
#..##.##....#
##..........#
#...@......#
###g####...# #g#
#...# #####)#
#...# #.....#
#...# #....†#
#...# #.......#
##### * #+#....##
......


You could see 2 gnolls.

Vanquished Creatures
  Jessica (D:2)
  Terence (D:3)
  Natasha (D:3)
  A gnoll (D:3)
  3 adders
  2 worms
  A dart slug (D:1)
  A ball python (D:3)
  A bat (D:1)
  9 endoplasms
  A giant cockroach (D:2)
  A goblin (D:2)
  4 hobgoblins
  4 jackals (D:3)
  2 quokkas (D:2)
  4 frilled lizards
  2 kobolds
  5 rats
44 creatures vanquished.

Notes
Turn   | Place    | Note
-------+----------+-------------------------------------------
     0 | D:1      | NinjaNoafa the Hill Orc Monk began the quest for the Orb.
     0 | D:1      | Reached XP level 1. HP: 19/19 MP: 1/1
     1 | D:1      | Noticed an electric eel
   395 | D:1      | Reached XP level 2. HP: 25/27 MP: 2/2
   818 | D:1      | Found a faded altar of an unknown god.
   822 | D:1      | Reached skill level 1 in Armour
  1080 | D:2      | Noticed Jessica
  1100 | D:2      | Gained mutation: You are weak. (Str -2) [potion of
                  | mutation]
  1100 | D:2      | Gained mutation: You passively map a small area around you.
                  | [potion of mutation]
  1100 | D:2      | Gained mutation: You are agile. (Dex +2) [potion of
                  | mutation]
  1541 | D:2      | Found Loaplon's Assorted Antiques.
  1592 | D:2      | Reached XP level 3. HP: 29/33 MP: 3/3
  2090 | D:2      | Killed Jessica
  2091 | D:2      | Reached skill level 5 in Axes
  2091 | D:2      | Reached XP level 4. HP: 18/41 MP: 4/4
  2441 | D:3      | Found Egiexocs's Jewellery Boutique.
  2815 | D:3      | Found Teatzet's General Store.
  2820 | D:3      | Bought a scroll of identify for 28 gold pieces
  2832 | D:3      | Noticed Terence
  2834 | D:3      | Found Buof's Armour Shop.
  2835 | D:3      | Noticed Natasha
  2840 | D:3      | Killed Terence
  2841 | D:3      | Reached skill level 1 in Maces & Flails
  2841 | D:3      | Reached XP level 5. HP: 20/47 MP: 5/5
  2844 | D:3      | Killed Natasha
  2845 | D:3      | Reached skill level 1 in Evocations
  3087 | D:3      | Found Haerau's Jewellery Emporium.
  3168 | D:3      | Lost mutation: You are agile. (Dex +2) [potion of mutation]
  3168 | D:3      | Lost mutation: You are weak. (Str -2) [potion of mutation]
  3168 | D:3      | Gained mutation: You expend magic power (3 MP) to
                  | strengthen your wands. [potion of mutation]
  3168 | D:3      | Slain by a gnoll

Illustrated notes

Levels and vault maps discovered:
D:1:      arrival_aquarium_a, layout_basic,
          dreamdust_ecumenical_altar_hidden_monk_grotto
D:2:      layout_loops_corners, serial_shops, nicolae_shop_advertising_works
          [nicolae_subvault_shop_adworks], minmay_pentomino_o4, uniq_jessica
D:3:      layout_basic, serial_shops, nicolae_square_shop, shop,
          nicolae_shop_waterfront, nicolae_diamond_shop, supply_closet_lemuel,
          uniq_terence, uniq_natasha

Skill      XL: |  1  2  3  4  5 |
---------------+----------------+-----
Armour         | 1 2 |  2.7
Fighting       | 4 |  4.9
Axes           | 5 |  5.0
Maces & Flails | 1 |  1.4
Evocations     | 1 |  1.1
Dodging        | |  2.4
Stealth        | |  1.5

Action                   |  1- 3 |  4- 6 || total
-------------------------+-------+-------++-------
Melee: Hand axe          |    89 |       ||    89
       Punch             |     1 |       ||     1
       Club              |       |    59 ||    59
Throw: Stone             |       |     5 ||     5
  Use: Scroll            |     6 |     1 ||     7
       Potion            |     4 |     2 ||     6
 Stab: Sleeping          |     4 |       ||     4
Armor: Scale mail        |    26 |    22 ||    48
       Robe              |     5 |       ||     5
Dodge: Dodged            |    31 |    18 ||    49
Block: Buckler           |       |    13 ||    13
